 Dungeon Crawl Stone Soup version 0.29.1-1-gd02db6906a (console) character file.

Game seed: 7870389155961714445

940 om the Magician (level 8, -1/51 HPs)
             Began as a Djinni Fire Elementalist on Oct 11, 2022.
             Slain by an iguana (9 damage)
             ... on level 5 of the Dungeon.
             The game lasted 00:14:13 (7145 turns).

om the Magician (Djinni Fire Elementalist)          Turns: 7145, Time: 00:14:14

Health: -1/51      AC:  4    Str:  7    XL:     8   Next: 34%
Gold:   173        EV: 14    Int: 18    God:
                   SH:  0    Dex: 15

rFire   + + .      SeeInvis .   k - +2 short sword (elec)
rCold   x . .      Faith    .   (no shield)
rNeg    . . .      Spirit   .   a - +0 robe
rPois   ∞          Reflect  .   (no helmet)
rElec   .          Harm     .   i - +1 cloak
rCorr   .          Rampage  .   (no gloves)
Will    .....                   (boots unavailable)
Stlth   ++........              (no amulet)
HPRegen 0.17/turn               h - +4 ring of slaying
MPRegen 0.00/turn               (no ring)

@: flying
A: sickness immunity, fire resistance 2, cold vulnerability 1, float, innate
caster, HP casting, extra vitality 1
a: no special abilities


You were on level 5 of the Dungeon.
You visited 1 branch of the dungeon, and saw 5 of its levels.
You also visited: Sewer.

You collected 173 gold pieces.

Inventory:

Hand Weapons
 k - a +2 short sword of electrocution (weapon)
Armour
 a - a +0 robe (worn)
 i - a +1 cloak (worn)
 l - a +1 pair of gloves
 m - the +0 ring mail of the Spider Nest {Str-4 Int+4 Slay+2 Stlth+}
   (You found it in a sewer)

   Str:       It affects your strength (-4).
   Int:       It affects your intelligence (+4).
   Slay:      It affects your accuracy & damage with ranged weapons and melee
   (+2).
   Stlth:     It makes you more stealthy.
 o - a +0 chain mail of fire resistance
Jewellery
 h - a +4 ring of slaying (left hand)
Scrolls
 b - a scroll of poison
 c - a scroll of fear
 g - 2 scrolls of blinking
 n - a scroll of identify
 p - a scroll of enchant weapon
Potions
 d - 2 potions of mutation
 e - a potion of invisibility
 f - 2 potions of curing
 j - a potion of might {unknown}
 q - a potion of lignification {unknown}


   Skills:
 - Level 0.7 Fighting
 - Level 1.2 Short Blades
 - Level 0.1 Maces & Flails
 + Level 4.5 Dodging
 + Level 3.6 Stealth
 * Level 5.9 Spellcasting


You couldn't memorise any spells.
You knew the following spells:

 Your Spells              Type           Power      Damage    Failure   Level
a - Foxfire               Conj/Fire      100%       2x1d9     1%          1
b - Scorch                Fire           52%        2d7       1%          2
c - Conjure Flame         Conj/Fire      26%        6-21      3%          3
d - Inner Flame           Hex/Fire       26%        N/A       3%          3
e - Flame Wave            Conj/Fire      26%        2d8       11%         4
f - Slow                  Hex            100%       N/A       1%          1
g - Poisonous Vapours     Pois/Air       52%        N/A       1%          2
h - Dazzling Flash        Conj/Hex       52%        N/A       3%          3
Your spell library was empty.

Dungeon Overview and Level Annotations

Branches:
Dungeon (5/15)             Temple (0/1) D:4           Sewer (visited)

Altars:
Elyvilon
Uskayaw

Shops:
D:1 (*[*!   D:3 =   D:4 (

Annotations:
D:3 Robin
D:5 1 runed translucent door, Zeld's ghost, novice MiBe


Innate Abilities, Weirdness & Mutations

You are immune to sickness and miasma.
You are immune to poison.
Your flesh is very heat resistant. (rF++)
You are vulnerable to cold. (rC-)
You float through the air rather than walking.
You learn spells naturally, not from books.
Your magical power is your life essence.
You have superior vitality. (+4 MHP)


Message History

Casting: Scorch (safe; 1% risk of failure)
Confirm with . or Enter, or press ? or * to list all spells.
You can't see any susceptible monsters within range! (Use Z to cast anyway.)
Casting: Scorch (safe; 1% risk of failure)
Confirm with . or Enter, or press ? or * to list all spells.
You can't see any susceptible monsters within range! (Use Z to cast anyway.)
Casting: Scorch (safe; 1% risk of failure)
Confirm with . or Enter, or press ? or * to list all spells.
Flames lash the iguana but do no damage.
Casting: Scorch (safe; 1% risk of failure)
Confirm with . or Enter, or press ? or * to list all spells.
Flames lash the iguana.
The iguana is lightly wounded.
The iguana's fire resistance burns away.
The iguana attacks as you move away!
The iguana bites you but does no damage.
You conjure some foxfire!
The iguana is no longer more vulnerable to fire.
The iguana bites you!
Your foxfire dissipates!
The foxfire hits the iguana.
The iguana is moderately wounded.
Casting: Foxfire (safe; 1% risk of failure)
Confirm with . or Enter, or press ? or * to list all spells.
Flames lash the iguana.
The iguana is heavily wounded.
The iguana's fire resistance burns away.
You hear a bark!
A hound comes into view.
The iguana barely misses you. The iguana attacks as you move away!
The iguana completely misses you.
Casting: Scorch (safe; 1% risk of failure)
Confirm with . or Enter, or press ? or * to list all spells.
Flames lash the iguana but do no damage.
The iguana is no longer more vulnerable to fire.
The iguana bites you!
* * * LOW HITPOINT WARNING * * *
Unknown command.
The iguana attacks as you move away! The iguana bites you!
You die...

##.#...##..##.##.##.#
.....<........##†##.#
...#.####..##.......##
#.##.................#
#.##........##.#.###.# ###..
#.###.......##.#.###.##......
#.# ..........#......†......
#.# .......##.#.l##.##^.....
..# ....... #.#@.##.# #.#..
.## ....... #.......# .§ .
#.#..#### . #.##h# # #.# ...
... ..#


You could see an iguana and a hound.

Vanquished Creatures
  A black bear (D:4)
  A centaur (D:4)
  2 bullfrogs (Sewer)
  4 jellies
  3 orc priests (D:4)
  2 hounds
  Crazy Yiuf (D:2)
  2 iguanas
  2 orc wizards (D:4)
  4 gnolls (D:4)
  8 adders
  2 worms
  3 dart slugs
  8 orcs (D:4)
  14 endoplasms
  9 giant cockroaches
  12 goblins
  4 hobgoblins
  3 jackals
  6 quokkas
  8 ball pythons
  10 frilled lizards
  11 kobolds
  4 rats
124 creatures vanquished.

Vanquished Creatures (collateral kills)
  3 foxfires
3 creatures vanquished.

Vanquished Creatures (others)
  156 foxfires
  9 fungi (D:3)
  7 toadstools (D:3)
172 creatures vanquished.

Grand Total: 299 creatures vanquished

Notes
Turn   | Place    | Note
-------+----------+-------------------------------------------
     0 | D:1      | om the Djinni Fire Elementalist began the quest for the
                  | Orb.
     0 | D:1      | om set off with the following spells memorised: Foxfire,
                  | Scorch, Conjure Flame, Inner Flame, Flame Wave.
     0 | D:1      | Reached XP level 1. HP: 15/15 MP: 0/0
    57 | D:1      | Found a faded altar of an unknown god.
   237 | D:1      | Reached XP level 2. HP: 12/21 MP: 0/0
   513 | D:1      | Found Wutoeg's Distillery.
   831 | D:1      | Found Neguc's Armour Boutique.
   890 | D:1      | Found Xiusm's Antique Weapon Shop.
  1005 | D:1      | Found Imadulih's General Store.
  1100 | D:1      | Reached skill level 3 in Spellcasting
  1255 | D:1      | Reached XP level 3. HP: 24/25 MP: 0/0
  1255 | D:1      | Learned a level 1 spell: Slow
  1271 | D:1      | Found Kianett's General Store.
  1847 | D:2      | Reached XP level 4. HP: 29/31 MP: 0/0
  2165 | D:2      | Found a runed translucent door.
  2165 | D:2      | You are sucked into a shaft and drop 1 floor!
  2471 | D:2      | Noticed Crazy Yiuf
  2963 | D:2      | Killed Crazy Yiuf
  3034 | D:3      | Noticed a +0 dagger
  3034 | D:3      | Found a hide-covered altar of Uskayaw.
  3034 | D:3      | Noticed a +0 hand axe
  3226 | D:3      | Reached XP level 5. HP: 24/35 MP: 0/0
  3226 | D:3      | Learned a level 2 spell: Poisonous Vapours
  3334 | D:3      | Noticed Robin
  3346 | D:3      | Reached skill level 4 in Spellcasting
  4153 | D:3      | Found Kijykeli's Jewellery Shop.
  4210 | D:3      | Reached XP level 6. HP: 34/41 MP: 0/0
  4666 | D:4      | Found Kuyhof's Weapon Shop.
  4713 | D:4      | Reached skill level 1 in Short Blades
  4737 | D:4      | Found a white marble altar of Elyvilon.
  4758 | D:4      | Noticed a black bear
  4763 | D:4      | Found a glowing drain.
  4777 | Sewer    | Entered a sewer
  5206 | Sewer    | Reached XP level 7. HP: 43/46 MP: 0/0
  5206 | Sewer    | Learned a level 3 spell: Dazzling Flash
  5207 | Sewer    | Reached skill level 5 in Spellcasting
  5236 | Sewer    | Identified the +0 ring mail of the Spider Nest {Str-4 Int+4
                  | Slay+2 Stlth+}
  6163 | D:4      | Found a staircase to the Ecumenical Temple.
  6188 | D:4      | Reached XP level 8. HP: 14/51 MP: 0/0
  7045 | D:5      | Entered Level 5 of the Dungeon
  7095 | D:5      | Found a runed translucent door.
  7095 | D:5      | Noticed Zeld's ghost (novice MiBe)
  7145 | D:5      | Slain by an iguana

Illustrated notes

Levels and vault maps discovered:
D:1:      psy_arrival_fountain, layout_basic, serial_shops,
          nicolae_diamond_shop, shop, nicolae_diamond_shop,
          nicolae_shop_competitors_out_of_business, shop, serial_forest,
          infiniplex_forest_clump_tiny, infiniplex_forest_lined_room_3,
          infiniplex_forest_zigzag_2, infiniplex_forest_clump_curved,
          infiniplex_forest_lined_2, infiniplex_forest_3_way,
          infiniplex_forest_clump_cross, shapermc_ecumenical_altar_flowoftime,
          amcnicky_mini_rare_corridor_liquid, minmay_misc_feat_iff,
          corexii_hall_statues_t
D:2:      layout_basic, minmay_split_cup_small, uniq_crazy_yiuf_cottage
D:3:      cheibrodos_fertilizer, layout_loops_ring, dancing_weapons_uskayaw,
          serial_shops, nicolae_shop_trees, uniq_robin
D:4:      layout_loops_ring, elyvilon_altar_5, minmay_temple_entry_ruins,
          serial_shops, shop_statue, portal_sewer_entry_d
D:5:      layout_loops_cross, gammafunk_ghost_grave, dk_vineyard_1,
          kennysheep_small_square, uniq_grinder

Skill      XL: |  1  2  3  4  5  6  7 |
---------------+----------------------+-----
Spellcasting   | 3 4 5 |  5.9
Stealth        | 2 3 |  3.6
Short Blades   | 1 |  1.2
Dodging        | 3 4 |  4.5
Fighting       | |  0.7
Maces & Flails | |  0.1

Action                   |  1- 3 |  4- 6 |  7- 9 || total
-------------------------+-------+-------+-------++-------
Melee: Unarmed           |     1 |       |       ||     1
       Club              |     8 |       |       ||     8
       Dagger            |     4 |    48 |       ||    52
       Short sword       |       |    57 |    53 ||   110
       Punch             |       |     2 |       ||     2
 Cast: Foxfire           |    36 |    43 |    14 ||    93
       Scorch            |       |     9 |    17 ||    26
       Conjure Flame     |       |     1 |     2 ||     3
       Poisonous Vapours |       |       |    10 ||    10
       Inner Flame       |       |       |     1 ||     1
       Flame Wave        |       |       |     1 ||     1
  Use: Scroll            |     2 |     7 |     4 ||    13
 Stab: Sleeping          |       |       |     1 ||     1
Armor: Robe              |     4 |    50 |    11 ||    65
Dodge: Dodged            |    13 |    91 |    61 ||   165
